 Dungeon Crawl Stone Soup version 0.24-a0-416-g56ce5178b7 (webtiles) character file.

Game seed: 11726328615018584540

72 blunderbuss the Chopper (level 4, -5/42 HPs)
             Began as a Naga Chaos Knight on June 8, 2019.
             Was a Plaything of Xom.
             Slain by a gnoll
             ... wielding a +0 spear
              (6 damage)
             ... on level 3 of the Dungeon.
             The game lasted 00:05:18 (2193 turns).

blunderbuss the Chopper (Naga Chaos Knight)         Turns: 2193, Time: 00:05:18

Health: -5/42      AC:  7    Str: 15    XL:     4   Next: 25%
Magic:  4/4        EV:  4    Int: 12    God:    Xom [..*...]
Gold:   124        SH: 11    Dex: 11    Spells: 3/3 levels left

rFire    . . .     SeeInvis +   a - +0 hand axe (chaos)
rCold    . . .     Gourm    .   t - +0 large shield (curse)
rNeg     . . .     Faith    .   b - +2 leather armour
rPois    +         Spirit   .   (no helmet)
rElec    .         Reflect  .   q - +1 cloak
rCorr    .         Harm     .   (no gloves)
MR       .....                  (no barding)
Stlth    ..........             (no amulet)
HPRegen  0.14/turn              f - ring of attention (curse)
MPRegen  0.09/turn              (no ring)

@: flying, very slow
A: large, see invisible, deformed body, poison resistance, slowness 2, slow
metabolism 1, spit poison 1, AC +1
a: Spit Poison, Renounce Religion


You were on level 3 of the Dungeon.
You worshipped Xom.
You were a toy of Xom.
You were not hungry.

You visited 1 branch of the dungeon, and saw 3 of its levels.

You collected 124 gold pieces.

Inventory:

Hand Weapons
 a - a +0 hand axe of chaos (weapon)
Armour
 b - a +2 leather armour (worn)
 n - a +0 ring mail
 q - a +1 cloak (worn)
 t - a cursed +0 large shield (worn)
Jewellery
 f - a cursed ring of attention (left hand)
Wands
 p - a wand of acid (7)
Scrolls
 d - a scroll of teleportation {unknown}
 e - a scroll of enchant weapon {unknown}
 i - a scroll of fear {unknown}
 k - 7 scrolls of random uselessness {unknown}
 l - 3 scrolls of identify {unknown}
 m - 3 scrolls of fog {unknown}
 o - a scroll of amnesia {unknown}
 r - 2 scrolls of blinking {unknown}
Potions
 g - a potion of berserk rage {unknown}
 s - 2 potions of flight
Comestibles
 c - 11 rations


   Skills:
 + Level 3.5 Fighting
 + Level 3.8 Axes
 + Level 2.1 Armour
 - Level 0.7 Dodging
 * Level 1.1 Shields


You had 3 spell levels left.
You didn't know any spells.
Your spell library was empty.

Dungeon Overview and Level Annotations

Branches:
Dungeon (3/15)

Altars:
Hepliaklqana
Nemelex Xobeh
Ru


Innate Abilities, Weirdness & Mutations

You cannot wear boots.
Your serpentine skin is tough. (AC +1)
You have supernaturally acute eyesight. (SInv)
Armour fits poorly on your strangely shaped body.
Your system is resistant to poisons. (rPois)
You cover ground very slowly.
You have a slow metabolism.
You can spit poison.


Message History

The gnoll hits you with a +0 flail!
* * * LOW HITPOINT WARNING * * *
The gnoll barely misses you.
It was a potion of flight.
You feel very buoyant.
You fly up into the air.
Xom roars with laughter!
The gnoll looks more healthy.
You block the gnoll's attack. x2
You slash the gnoll! You freeze the gnoll.
You kill the gnoll!
Your Shields skill increases to level 1!
You block the gnoll's attack. You block the gnoll's attack.
The gnoll hits you but does no damage.
Items here: )) †† a +0 flail; a +0 spear; a gnoll corpse x2
You hit the gnoll.
The gnoll flickers and vanishes for a moment.
The gnoll is almost dead.
The gnoll hits you with a +0 spear.
You die...

#.# .<.... #.#
##.# ...... #...
..# ....# . #..#
#.# ....#.. #..#
#.##......
#..###.......#
#.........# .#
#...(g@(..##.###
###....####......
#.............###
#.......g.......#
#........g...##.#
##.#...###.### #
#.#...# #..)#
#.#...# ###)#
#.##### #)#


You could see a gnoll (invisible).

Vanquished Creatures
  2 gnolls (D:3)
  3 leopard geckos
  4 orcs (D:3)
  4 giant cockroaches
  4 goblins
  2 hobgoblins (D:2)
  A quokka (D:3)
  9 bats
  2 frilled lizards
  3 kobolds
  10 rats
44 creatures vanquished.

Vanquished Creatures (others)
  A bat (D:2)
1 creature vanquished.

Grand Total: 45 creatures vanquished

Notes
Turn   | Place    | Note
-------+----------+-------------------------------------------
     0 | D:1      | blunderbuss the Naga Chaos Knight began the quest for the
                  | Orb.
     0 | D:1      | Reached XP level 1. HP: 21/21 MP: 1/1
     8 | D:1      | XOM: silly message
   278 | D:1      | XOM: medium Erth miscast
   387 | D:1      | XOM: silly message
   487 | D:1      | Reached XP level 2. HP: 28/28 MP: 2/2
   630 | D:1      | XOM: divination: magic mapping
  1148 | D:2      | Reached XP level 3. HP: 34/34 MP: 3/3
  1189 | D:2      | XOM: silly message
  1330 | D:2      | Found a sacrificial altar of Ru.
  1331 | D:2      | Found a hazy altar of Hepliaklqana.
  1453 | D:2      | Found a sparkling altar of Nemelex Xobeh.
  1865 | D:3      | HP: 1/34 [orc/boomerang (5)]
  2184 | D:3      | Reached XP level 4. HP: 13/42 MP: 4/4
  2187 | D:3      | HP: 2/42 [gnoll/+0 spear (9)]
  2191 | D:3      | Reached skill level 1 in Shields
  2193 | D:3      | Slain by a gnoll

Levels and vault maps discovered:
D:1:      dpeg_arrival_ratfight, layout_rooms, st_stairs_8,
          minmay_misc_feat_ornament
D:2:      layout_basic, chequers_temple_overflow_statue_of_worship,
          nemelex_altar_shiori
D:3:      layout_loops_ring, first_ration

Skill      XL: |  1  2  3  4 |
---------------+-------------+-----
Armour         | 2 |  2.1
Shields        | 1 |  1.1
Fighting       | |  3.5
Axes           | |  3.8
Dodging        | |  0.7

Action                   |  1- 3 |  4- 6 || total
-------------------------+-------+-------++-------
Melee: Hand axe          |   146 |     4 ||   150
 Abil: Spit Poison       |     5 |     1 ||     6
  Use: Potion            |     2 |     3 ||     5
  Eat: Chunk             |     3 |       ||     3
Armor: Leather armour    |    83 |       ||    83
Dodge: Dodged            |    84 |     1 ||    85
Block: Large shield      |    56 |     8 ||    64

Table legend:
 A = Non-vault XP
 B = Vault XP
 C = Vault XP percentage of total XP
 D = Non-vault monster count
 E = Vault monster count
 F = Vault count percentage of total count
                 A         B        C        D         E       F
            +---------+---------+-------+---------+---------+-------
      Total |      96 |       7 |   6.8 |      39 |       6 |  13.3
            +---------+---------+-------+---------+---------+-------
        D:1 |      18 |       7 |  28.0 |      12 |       6 |  33.3
        D:2 |      32 |       0 |   0.0 |      17 |       0 |   0.0
        D:3 |      46 |       0 |   0.0 |      10 |       0 |   0.0
            +---------+---------+-------+---------+---------+-------
